 Dungeon Crawl Stone Soup version 0.16-a0-148-g3b84123 (webtiles) character file.

796 Sachiko the Ruffian (level 7, -5/68 HPs)
             Began as a Troll Monk on Aug 16, 2014.
             Slain by Duvessa
             ... wielding a +0 cutlass
              (14 damage)
             ... on Level 5 of the Dungeon.
             The game lasted 00:14:18 (4873 turns).

Sachiko the Ruffian (Troll Monk)                    Turns: 4873, Time: 00:14:19

HP  -5/68        AC 12     Str 22      XL: 7   Next: 58%
MP   3/3         EV 11     Int  6      God:
Gold 341         SH  0     Dex 12      Spells:  0 memorised,  6 levels left

rFire  . . .     SeeInvis .       - Unarmed
rCold  . . .     Clarity  +     a - +1 robe
rNeg   + . .     rCorr    .     (shield restricted)
rPois  .         rRot     .     (helmet restricted)
rElec  .         Spirit   .     n - +1 cloak
SustAb .         Warding  .     (gloves unavailable)
rMut   .         Stasis   .     (boots unavailable)
Gourm  +                        r - amulet of clarity
MR     .....                    d - +4 ring of protection
                                k - ring of positive energy

@: lethally poisoned, slowed, very slow, not resistant to hostile enchantments,
very unstealthy
A: unfitting armour, claws 3, fast metabolism 3, gourmand, regeneration 2,
saprovore 2, shaggy fur 1, tough skin 2
a: no special abilities


You were on level 5 of the Dungeon.
You were not hungry.

You visited 2 branches of the dungeon, and saw 6 of its levels.
You also visited: Sewer.

You collected 341 gold pieces.

Inventory:

Armour
 a - a +1 robe (worn)
 n - a +1 cloak (worn)
Magical devices
 c - a wand of random effects (6)
 j - a wand of flame (16)
 v - a wand of flame (7)
Comestibles
 b - 2 meat rations
 g - 5 bread rations
 m - a slice of pizza
Scrolls
 e - a scroll of random uselessness {unknown}
 f - 3 scrolls of teleportation
 o - 2 scrolls of remove curse
 q - a scroll of amnesia
 u - 3 scrolls of identify
Jewellery
 d - a +4 ring of protection (right claw)
 k - a ring of positive energy (left claw)
 r - an amulet of clarity (around neck)
Potions
 h - 2 potions of curing
 i - a potion of porridge
 p - a potion of agility


   Skills:
 + Level 3.7 Fighting
 + Level 4.4 Dodging
 - Level 1.1 Stealth
 * Level 7.5 Unarmed Combat


You had 6 spell levels left.
You didn't know any spells.

Dungeon Overview and Level Annotations

Branches:
Dungeon (5/15)             Temple (1/1) D:4

Altars:
Ashenzari
Cheibriados
Dithmenos
Elyvilon
Fedhas
Kikubaaqudgha
Makhleb
Nemelex Xobeh
Qazlal
Vehumet
Xom
Yredelemnul

Annotations:
D:5 Duvessa


Innate Abilities, Weirdness & Mutations

You are too large for most types of armour.
You have claws for hands.
Your metabolism is lightning-fast.
You like to eat raw meat.
You heal very quickly.
You can eat rotten meat.
You are covered in fur (AC +1).
You have very tough skin (AC +2).


Message History

A rat comes into view.
You barely miss Duvessa. You claw Duvessa.
Duvessa is lightly wounded.
Duvessa misses you. The scorpion stings you! Duvessa hits you with a cutlass.
You scratch Duvessa.
Duvessa is moderately wounded.
Duvessa hits you with a cutlass!
* * * LOW HITPOINT WARNING * * *
The scorpion stings you but does no damage.
Duvessa hits you with a cutlass!
* * * LOW HITPOINT WARNING * * *
Read which item? (? for menu, Esc to quit)
Okay, then.
Drink which item? (? for menu, Esc to quit)
You feel better. The scorpion misses you. Duvessa closely misses you.
The scorpion stings you.
* * * LOW HITPOINT WARNING * * *
You are poisoned.
The scorpion poisons you! Duvessa hits you with a cutlass!
You die...

....#..........#.#.........#
###.....#..))....#....)....#
# #.....#........#.........#
# #.....#....#.....###+#+###
###.....#........#.#
#.+..............#.#
#.#..............#.#
#.#.....##.####)...#
........##.####.@###
...####.##.....es#
...####...######r#
......###+# #.# ...........
..# ........... ...
...........# #..
...........# ...
........(..## ...


You could see Duvessa (berserk), a scorpion and a rat.

Vanquished Creatures
  An ice beast (D:4)
  Sigmund (D:5)
  2 giant frogs (Sewer)
  Dowan (D:5)
  A jelly (D:5)
  An orc priest (D:3)
  3 hounds (D:4)
  An orc wizard (D:3)
  Ijyb (D:2)
  A hound skeleton (D:5)
  9 adders
  A scorpion zombie (D:3)
  2 giant mites
  4 worms
  An iguana skeleton (D:4)
  2 giant geckos
  An ooze (D:2)
  11 orcs
  5 bats
  10 giant cockroaches
  11 hobgoblins
  11 jackals
  5 quokkas
  6 ball pythons
  A giant gecko skeleton (D:4)
  2 giant newts
  15 goblins
  2 goblin skeletons (D:4)
  A hobgoblin skeleton (D:3)
  15 kobolds
  An orc skeleton (D:3)
  7 rats
  A rat skeleton (D:3)
137 creatures vanquished.

Notes
Turn   | Place    | Note
--------------------------------------------------------------
     0 | D:1      | Sachiko, the Troll Monk, began the quest for the Orb.
     0 | D:1      | Reached XP level 1. HP: 22/22 MP: 1/1
   262 | D:1      | Reached XP level 2. HP: 29/29 MP: 1/1
  1056 | D:2      | Reached XP level 3. HP: 28/36 MP: 2/2
  1062 | D:2      | Found a radiant altar of Vehumet.
  1261 | D:2      | Reached skill level 5 in Unarmed Combat
  1296 | D:2      | Found a white marble altar of Elyvilon.
  1606 | D:2      | Noticed Ijyb
  1634 | D:2      | Killed Ijyb
  1634 | D:2      | Reached XP level 4. HP: 15/44 MP: 2/2
  1899 | D:3      | Reached XP level 5. HP: 26/52 MP: 2/2
  2174 | D:3      | Reached skill level 6 in Unarmed Combat
  2326 | D:3      | Found a glowing drain.
  2330 | Sewer    | Entered a sewer
  2441 | Sewer    | Reached XP level 6. HP: 58/61 MP: 3/3
  3251 | D:4      | Found a staircase to the Ecumenical Temple.
  3260 | Temple   | Entered the Ecumenical Temple
  3528 | D:4      | Reached skill level 7 in Unarmed Combat
  3528 | D:4      | Reached XP level 7. HP: 32/67 MP: 3/3
  4422 | D:5      | Entered Level 5 of the Dungeon
  4528 | D:5      | Noticed Sigmund
  4539 | D:5      | Killed Sigmund
  4615 | D:5      | Got a slimy robe
  4616 | D:5      | Identified the cursed -5 robe of the Jabberwock {Dex+2 Curse} (You found it on level 5 of the Dungeon)
  4843 | D:5      | Noticed Dowan
  4845 | D:5      | Noticed Duvessa
  4862 | D:5      | Killed Dowan
  4872 | D:5      | HP: 2/68 [Duvessa/cutlass (13)]
  4873 | D:5      | Slain by Duvessa

Action                   |  1- 3 |  4- 6 |  7- 9 || total
-------------------------+-------+-------+-------++-------
Melee: Unarmed           |    96 |   180 |    85 ||   361
  Use: Scroll            |     7 |     2 |     3 ||    12
       Potion            |       |     2 |     3 ||     5
 Stab: Sleeping          |     2 |       |       ||     2
  Eat: Chunk             |    14 |    16 |     5 ||    35
       Meat ration       |     1 |       |       ||     1
       Beef jerky        |       |       |     1 ||     1
